 Dungeon Crawl Stone Soup version 0.25-a0-458-g6fc7858b95 (webtiles) character file.

Game seed: 3477875132851833714, levelgen mode: deterministic

43 ChaosChampion the Insei (level 3, -1/23 HPs)
             Began as an Octopode Transmuter on Feb 1, 2020.
             Slain by an adder (5 damage)
             ... on level 4 of the Dungeon.
             The game lasted 00:05:37 (1077 turns).

ChaosChampion the Insei (Octopode Transmuter)       Turns: 1077, Time: 00:05:38

Health: -1/23      AC:  1    Str:  9    XL:     3   Next: 58%
Magic:  5/6        EV: 13    Int: 16    God:
Gold:   78         SH:  0    Dex: 12    Spells: 3/6 levels left

rFire    . . .     SeeInvis .     - Unarmed
rCold    . . .     Gourm    .   (no shield)
rNeg     . . .     Faith    .   (helmet restricted)
rPois    .         Spirit   .   (no amulet)
rElec    .         Reflect  .   (no ring)
rCorr    .         Harm     .   (no ring)
MR       .....                  (no ring)
Stlth    +++.......             (no ring)
HPRegen  0.07/turn              (no ring)
MPRegen  0.10/turn              (no ring)
                                (no ring)
                                (no ring)

@: lethally poisoned (-1 -> -4)
A: almost no armour, stealthy swim, amphibious, 8 rings, constrict 8, camouflage
1, gelatinous body 1
a: no special abilities


You were on level 4 of the Dungeon.
You were very hungry.

You visited 1 branch of the dungeon, and saw 3 of its levels.

You collected 78 gold pieces.

Inventory:

Missiles
 a - 6 arrows
Scrolls
 e - a scroll of fog {unknown}
 f - 4 scrolls of enchant armour {unknown}
 g - a scroll of remove curse {unknown}
Potions
 b - 2 potions of brilliance {unknown}
 d - a potion of degeneration {unknown}
Comestibles
 c - 2 rations


   Skills:
 - Level 1.0 Fighting
 - Level 2.2 Dodging
 + Level 2.4 Stealth
 - Level 3.5 Unarmed Combat
 + Level 2.2 Spellcasting
 * Level 2.3 Transmutations


You had 3 spell levels left.
You knew the following spells:

 Your Spells              Type           Power        Failure   Level  Hunger
a - Beastly Appendage     Tmut           #.....       8%          1    #......
b - Sticks to Snakes      Tmut           #.......     12%         2    ###....

Your spell library contained the following spells:

 Spells                   Type           Power        Failure   Level  Hunger
 Spider Form              Tmut/Pois      #.........   36%         3    ###....
 Ice Form                 Ice/Tmut       #.......     77%         4    #####..
 Blade Hands              Tmut           #.........   91%         5    ######.


Dungeon Overview and Level Annotations

Branches:
Dungeon (2/15)

Altars:


Innate Abilities, Weirdness & Mutations

You cannot wear most types of armour.
You are very stealthy in the water. (Stealth+)
You are amphibious.
You can wear up to eight rings at the same time.
You can use your tentacles to constrict eight enemies at once.
Your skin changes colour to match your surroundings (Stealth+).
Your rubbery body absorbs attacks. (AC +1, EV +1)


Message History

Your ball python dies!
Firing (i - inventory) No suitable missiles.
Press: ? - help, Shift-Dir - straight line
Okay, then.
Unknown command.
The adder bites you. The giant cockroach closely misses you.
The adder bites you but does no damage. The adder barely misses you.
Found a ration.
The adder bites you.
You are poisoned.
The adder poisons you!
Found a ration.
You feel sick.
You feel sick. The adder barely misses you. The adder bites you.
* * * LOW HITPOINT WARNING * * *
* * * LOW HITPOINT WARNING * * *
You feel sick. The adder bites you.
You die...

####.
#......#
....
#...o..#
#..#
#...Z..#
#..##.o....#
#...o.....#
##........#
##....######
##SSs..#
#.@.%..#
#....%....#
##.##+#####
#


You could see 2 adders, 3 orcs, a giant cockroach and a leopard gecko skeleton.

Vanquished Creatures
  An adder (D:2)
  An ooze (D:1)
  A dart slug (D:1)
  A leopard gecko (D:1)
  A ball python (D:1)
  4 hobgoblins
  A bat (D:1)
  2 frilled lizards (D:2)
  5 goblins (D:1)
  5 kobolds
  3 rats (D:1)
25 creatures vanquished.

Vanquished Creatures (collateral kills)
  A dart slug (D:1)
  A bat (D:1)
2 creatures vanquished.

Grand Total: 27 creatures vanquished

Notes
Turn   | Place    | Note
-------+----------+-------------------------------------------
     0 | D:1      | ChaosChampion the Octopode Transmuter began the quest for
                  | the Orb.
     0 | D:1      | Reached XP level 1. HP: 13/13 MP: 3/3
    74 | D:1      | Reached skill level 1 in Stealth
    74 | D:1      | Reached XP level 2. HP: 13/18 MP: 1/5
    78 | D:1      | Learned a level 2 spell: Sticks to Snakes
   249 | D:1      | Reached XP level 3. HP: 6/23 MP: 2/6
  1048 | D:2      | You fall into a shaft and drop 2 floors!
  1077 | D:4      | Slain by an adder

Levels and vault maps discovered:
D:1:      erik_arrival_blinker_ship, layout_basic
D:2:      layout_loops_corners, nicolae_gozag_cash_rules_everything_around_me,
          minmay_cut_off
D:4:      layout_basic, first_ration, enter_ossuary_5, kennysheep_nondescript

Skill      XL: |  1  2 |
---------------+-------+-----
Stealth        | 1 2 |  2.4
Fighting       | |  1.0
Dodging        | |  2.2
Unarmed Combat | |  3.5
Spellcasting   | |  2.2
Transmutations | |  2.3

Action                   || total
-------------------------++-------
Melee: Unarmed           ||    60
       Kick              ||     8
       Constrict         ||     9
       Tentacles         ||     6
       Punch             ||     2
 Cast: Beastly Appendage ||    12
       Sticks to Snakes  ||     6
 Stab: Sleeping          ||     6
Armor: Skin              ||     7
Dodge: Dodged            ||    49

Table legend:
 A = Non-vault XP
 B = Vault XP
 C = Vault XP percentage of total XP
 D = Non-vault monster count
 E = Vault monster count
 F = Vault count percentage of total count
                 A         B        C        D         E       F
            +---------+---------+-------+---------+---------+-------
      Total |      62 |       0 |   0.0 |      27 |       0 |   0.0
            +---------+---------+-------+---------+---------+-------
        D:1 |      46 |       0 |   0.0 |      22 |       0 |   0.0
        D:2 |      16 |       0 |   0.0 |       5 |       0 |   0.0
            +---------+---------+-------+---------+---------+-------
